 Dungeon Crawl Stone Soup version bcrawl-1.19.1 (webtiles) character file.

Game seed: 7293572767889083285

148 Freyura the Skirmisher (level 5, -1/48 HPs)
             Began as a Hill Orc Fighter on Dec 7, 2019.
             Slain by a river rat (4 damage)
             ... on level 3 of the Dungeon.
             The game lasted 00:07:24 (2528 turns).

Freyura the Skirmisher (Hill Orc Fighter)           Turns: 2528, Time: 00:07:24

Health: -1/48      AC:  7    Str: 19    XL:     5   Next: 30%
Magic:  5/5        EV:  7    Int:  8    God:
Gold:   157        SH:  9    Dex: 11    Spells: 4/4 levels left

rFire    . . .     SeeInvis .   a - +0 trident
rCold    . . .     Gourm    .   c - +0 shield
rNeg     . . .     Faith    .   b - +0 scale mail
rPois    .         Spirit   .   (no helmet)
rElec    .         Reflect  .   (no cloak)
rCorr    .         Harm     .   (no gloves)
MR       .....                  (no boots)
Stlth    ..........             (no amulet)
HPRegen  0.16/turn              (no ring)
MPRegen  0.09/turn              (no ring)

@: very slow
A: no striking features
a: no special abilities


You were on level 3 of the Dungeon.
You were not hungry.

You visited 1 branch of the dungeon, and saw 3 of its levels.

You collected 157 gold pieces.

Inventory:

Hand Weapons
 a - a +0 trident (weapon)
Missiles
 o - a throwing net (quivered) {!f}
Armour
 b - a +0 scale mail (worn)
 c - a +0 shield (worn)
Scrolls
 h - a scroll of amnesia {unknown}
 i - a scroll of remove curse
 m - 2 scrolls of fog {unknown}
 q - a scroll of teleportation {unknown}
Potions
 d - a potion of might
 e - 2 potions of curing {unknown}
 g - 2 potions of heal wounds
 j - 2 potions of resistance {unknown}
 k - a potion of degeneration {unknown}
 l - a potion of brilliance {unknown}
 n - a potion of flight {unknown}
 r - a potion of berserk rage {unknown}
Comestibles
 f - 13 rations {!d}
 p - a chunk of flesh


   Skills:
 * Level 5.1 Fighting
   Level 5.1 Short Blades
   Level 5.1 Long Blades
   Level 5.1 Axes
   Level 5.1 Maces & Flails
   Level 5.1 Polearms
   Level 5.1 Staves
 + Level 4.2 Armour
 + Level 4.2 Shields
   Level 5.1 Unarmed Combat


You had 4 spell levels left.
You didn't know any spells.
Your spell library contained the following spells:

 Spells                   Type           Power        Failure   Level  Hunger
 Beastly Appendage        Tmut           #.....       99%         1    ##.....
 Sticks to Snakes         Tmut           #.......     100%        2    ###....
 Spider Form              Tmut/Pois      #..          100%        3    ####...
 Ice Form                 Ice/Tmut       #.......     100%        4    #####..
 Blade Hands              Tmut           #.........   100%        5    ######.


Dungeon Overview and Level Annotations

Branches:
Dungeon (3/12)

Altars:
Cheibriados


Message History

* * * LOW HITPOINT WARNING * * *
You hit the river rat but do no damage. You block the river rat's attack.
You hit the river rat.
The river rat is heavily wounded.
The river rat closely misses you.
Your unstable footing causes you to fumble your attack.
You block the river rat's attack.
The river rat bites you but does no damage.
Your unstable footing causes you to fumble your attack.
The river rat bites you.
* * * LOW HITPOINT WARNING * * *
You hit the river rat.
The river rat is almost dead.
The river rat bites you but does no damage.
Your unstable footing causes you to fumble your attack.
The river rat bites you but does no damage.
You hit the river rat but do no damage.
The river rat is almost dead.
The river rat bites you.
You die...

.............# #.#
######.......# #.#
#.......# #.#
####....# #.# #....#
#.# #..##########
#.##≈≈≈≈†≈≈##
#.#÷#######≈#
#########.#.#≈≈r@##≈#
.......##.#†#≈###≈#≈#
######.####.# #≈#≈#
#.# #.# #.#.# #.# #≈#
#≈#†# #.# #≈#####.#≈#
#.# ##≈.≈≈≈##≈#
#.###########.##
#...........†..#


You could see a river rat.

Vanquished Creatures
  An adder (D:3)
  2 river rats (D:3)
  2 oozes
  7 worms
  3 dart slugs (D:2)
  4 leopard geckos
  6 orcs
  2 bats
  5 giant cockroaches
  6 hobgoblins
  11 jackals
  2 quokkas
  A ball python (D:1)
  A frilled lizard (D:1)
  8 goblins
  8 kobolds
  6 rats
75 creatures vanquished.

Notes
Turn   | Place    | Note
-------+----------+-------------------------------------------
     0 | D:1      | Freyura the Hill Orc Fighter began the quest for the Orb.
     0 | D:1      | Reached XP level 1. HP: 20/20 MP: 1/1
    96 | D:1      | Reached XP level 2. HP: 27/27 MP: 2/2
   448 | D:1      | Reached XP level 3. HP: 34/34 MP: 3/3
  1162 | D:2      | Reached XP level 4. HP: 35/41 MP: 4/4
  1517 | D:2      | Found a snail-covered altar of Cheibriados.
  2239 | D:3      | Reached skill level 5 in Fighting
  2239 | D:3      | Reached XP level 5. HP: 47/48 MP: 5/5
  2528 | D:3      | Slain by a river rat

Skill      XL: |  1  2  3  4 |
---------------+-------------+-----
Armour         | 4 |  4.2
Shields        | 4 |  4.2
Fighting       | 5 |  5.1
Short Blades   | |  5.1
Long Blades    | |  5.1
Axes           | |  5.1
Maces & Flails | |  5.1
Polearms       | |  5.1
Staves         | |  5.1
Unarmed Combat | |  5.1

Action                   |  1- 3 |  4- 6 || total
-------------------------+-------+-------++-------
Melee: Trident           |   132 |   186 ||   318
  Use: Scroll            |       |     3 ||     3
  Eat: Chunk             |     1 |     5 ||     6
Armor: Scale mail        |    42 |    55 ||    97
Dodge: Dodged            |    21 |    28 ||    49
Block: Shield            |    54 |    55 ||   109
